 Dungeon Crawl Stone Soup version 0.27-a0-1202-ge72e49191c (webtiles) character file.

Game seed: 17579184398702298304

14 Ancestrald the Insei (level 2, -1/23 HPs)
             Began as a Gnoll Transmuter on June 2, 2021.
             Was a Follower of Makhleb.
             Succumbed to an adder's poison
             ... on level 2 of the Dungeon.
             The game lasted 00:08:11 (1538 turns).

Ancestrald the Insei (Gnoll Transmuter)             Turns: 1538, Time: 00:08:12

Health: -1/23      AC:  2    Str:  9    XL:     2   Next: 41%
Magic:  6/7        EV: 13    Int: 12    God:    Makhleb [*.....]
Gold:   35         SH:  0    Dex: 12    Spells: 9/10 levels left

rFire    x . .     SeeInvis .     - Unarmed
rCold    + . .     Faith    .   (no shield)
rNeg     . . .     Spirit   .   a - +0 robe
rPois    .         Reflect  .   (helmet currently unavailable)
rElec    .         Harm     .   (no cloak)
rCorr    .         Rampage  .   (no gloves)
Will     .....                  (boots currently unavailable)
Stlth    +.........             (no amulet)
HPRegen  0.07/turn              b - ring of ice
MPRegen  0.10/turn              (no ring)

@: lethally poisoned (-1 -> -8), appendages
A: horns 2, talons 2, fangs 1, strong nose, distributed training
a: End Transformation, Renounce Religion


You were on level 2 of the Dungeon.
You worshipped Makhleb.
Makhleb was aware of your devotion.
You had temporarily grown beastly horns and talons.
You visited 1 branch of the dungeon, and saw 2 of its levels.

You collected 35 gold pieces.

Inventory:

Hand Weapons
 e - a +0 quarterstaff
 f - a +0 dagger
 g - a +0 dagger
 k - a +0 dagger of venom
Missiles
 m - 21 stones
Armour
 a - a +0 robe (worn)
 c - a +0 chain mail
 l - a +0 ring mail
Jewellery
 b - a ring of ice (left hand)
 o - a ring of see invisible
Scrolls
 d - a scroll of identify {unknown}
 j - a scroll of immolation {unknown}
 n - 2 scrolls of amnesia {unknown}
Potions
 h - 2 potions of lignification {unknown}
 i - a potion of curing {unknown}


   Skills:
 + Level 2.5 Fighting
 + Level 0.4 Short Blades
 + Level 0.4 Long Blades
 + Level 0.4 Axes
 + Level 0.4 Maces & Flails
 + Level 0.4 Polearms
 + Level 0.4 Staves
 + Level 0.4 Slings
 + Level 0.4 Bows
 + Level 0.4 Crossbows
 + Level 0.4 Throwing
 + Level 0.4 Armour
 + Level 4.5 Dodging
 + Level 0.4 Stealth
 + Level 0.4 Shields
 + Level 6.5 Unarmed Combat
 + Level 4.9 Spellcasting
 + Level 0.2 Conjurations
 + Level 0.2 Hexes
 + Level 0.2 Summonings
 + Level 0.2 Necromancy
 + Level 0.2 Translocations
 + Level 3.7 Transmutations
 + Level 0.2 Fire Magic
 + Level 0.2 Ice Magic
 + Level 0.2 Air Magic
 + Level 0.2 Earth Magic
 + Level 0.2 Poison Magic
 + Level 0.5 Invocations
 + Level 0.4 Evocations


You had 9 spell levels left.
You knew the following spells:

 Your Spells              Type           Power      Damage    Failure   Level
a - Beastly Appendage     Tmut           22%        N/A       4%          1

Your spell library contained the following spells:

 Spells                   Type           Power      Damage    Failure   Level
 Wereblood                Tmut           11%        N/A       7%          2
 Freeze                   Ice            20%        1d4       19%         1
 Spider Form              Tmut/Pois      3%         N/A       26%         3
 Frozen Ramparts          Ice            10%        1d3       47%         3
 Ice Form                 Ice/Tmut       11%        N/A       65%         4
 Hydra Form               Tmut           5%         N/A       77%         5
 Airstrike                Air            1%         N/A       87%         4
 Lightning Bolt           Conj/Air       1%         1d12      99%         5
 Simulacrum               Ice/Necr       2%         N/A       100%        6


Dungeon Overview and Level Annotations

Branches:
Dungeon (2/15)

Altars:
Makhleb


Innate Abilities, Weirdness & Mutations

You have temporarily grown beastly horns and talons.
You have very sharp teeth.
Your uncanny sense of smell can sniff out nearby items.
Your experience applies equally to all skills.


Message History

Why would you want to do that? Why would you want to do that?
Why would you want to do that? Why would you want to do that?
Why would you want to do that?
There is an open door here.
There is an open door here.
You open the door.
There is an open door here.
As you open the door, it creaks loudly!
There is an open door here.
There is an escape hatch in the floor here.
You slide downwards.
The hatch slams shut behind you.
A hobgoblin and a skeleton come into view.
The hobgoblin shouts!
The adder bites you. x2
You can't go up here!
Casting: Beastly Appendage (safe; 4% risk of failure)
Confirm with . or Enter, or press ? or * to list all spells.
You grow a pair of large bovine horns.
Your feet morph into talons.
The adder hisses angrily.
The goblin hits you with a +0 club. The rat bites you but does no damage.
The adder bites you but does no damage.
You completely miss the rat. You claw the rat.
You kill the rat!
Makhleb accepts your kill. The adder misses you. The goblin misses you.
You closely miss the adder.
The endoplasm quivers.
Your headbutt misses the adder. The adder closely misses you.
The adder bites you. The goblin hits you with a +0 club.
The adder closely misses you.
You closely miss the adder. The adder bites you.
* * * LOW HITPOINT WARNING * * *
You are lethally poisoned!
The adder poisons you! The goblin barely misses you.
The adder bites you but does no damage. The adder bites you.
* * * LOW HITPOINT WARNING * * *
You barely miss the adder. Your bite misses the adder.
You die...

..r...........
.............. .
# ...............
............J....
#...............
#............#
..#....gr.#...#
#....Z#Sg<..#
#^.S@##.##
#...### .# #.. .#
#. .# .. .. .. ##
. ∆


You could see 2 adders, an endoplasm, a quokka, a hobgoblin, a goblin and a
jackal skeleton.

Vanquished Creatures
  A ball python (D:1)
  2 goblins (D:1)
  3 hobgoblins (D:1)
  2 jackals (D:1)
  A kobold (D:1)
  A bat (D:1)
  A rat (D:2)
11 creatures vanquished.

Vanquished Creatures (others)
  7 plants (D:1)
7 creatures vanquished.

Grand Total: 18 creatures vanquished

Notes
Turn   | Place    | Note
-------+----------+-------------------------------------------
     0 | D:1      | Ancestrald the Gnoll Transmuter began the quest for the
                  | Orb.
     0 | D:1      | Reached XP level 1. HP: 17/17 MP: 6/6
   482 | D:1      | Reached XP level 2. HP: 17/23 MP: 5/7
   762 | D:1      | Found a faded altar of an unknown god.
   766 | D:1      | Became a worshipper of Makhleb the Destroyer
   766 | D:1      | Reached * piety under Makhleb
   778 | D:1      | Identified the Compendium of Air and Snow
  1537 | D:2      | HP: 1/23 [adder (4)]
  1538 | D:2      | Succumbed to an adder's poison

Illustrated notes

Levels and vault maps discovered:
D:1:      heliophobic_arrival_glass_houses, layout_basic,
          hellmonk_ecumenical_altar_heavens_door, serial_forest,
          infiniplex_forest_clump_tiny, infiniplex_forest_clump_C,
          infiniplex_forest_lined_3_way, infiniplex_forest_lined_2,
          infiniplex_forest_straight_2, infiniplex_forest_clump_medium,
          infiniplex_forest_clump_C, infiniplex_forest_clump_medium,
          infiniplex_forest_clump_diagonal, infiniplex_forest_fountain,
          minmay_misc_feat_x
D:2:      layout_rooms, grunt_decor_one_mirror, minmay_tall_x, uniq_terence

Action                   || total
-------------------------++-------
Melee: Unarmed           ||    95
       Bite              ||    10
       Kick              ||     3
       Headbutt          ||     1
       Punch             ||     1
 Cast: Beastly Appendage ||     7
Armor: Robe              ||    23
Dodge: Dodged            ||    54

Table legend: (Time is in decaauts)
 A = Elapsed time spent in this place.
 B = Non-inter-level travel time spent in this place.
 C = Inter-level travel time spent in this place.
 D = Time resting spent in this place.
 E = Time spent auto-exploring this place.
 F = Levels seen in this place.
 G = Mean time per level.
                   A        B        C        D        E       F      G
               +--------+--------+--------+--------+--------+-----+--------+
         Total |   1527 |   1527 |      0 |      0 |    893 |   2 |  763.5 |
       Dungeon |   1527 |   1527 |      0 |      0 |    893 |   2 |  763.5 |
               +--------+--------+--------+--------+--------+-----+--------+

Top non-repeatable levels by time:
     D:1: 1520 daAuts
     D:2: 6 daAuts
